 Dungeon Crawl Stone Soup version 0.30-a0-629-gd54f4be4f7 (webtiles) character file.

Game seed: 14364065935674750765

379 drugrobin the Insei (level 6, 0/45 (50) HPs)
             Began as a Demigod Delver on Jan 12, 2023.
             Slain by a wight
             ... wielding a +2 mace
              (2 damage)
             ... on level 4 of the Dungeon.
             The game lasted 00:08:45 (2962 turns).

drugrobin the Insei (Demigod Delver)                Turns: 2962, Time: 00:08:46

HP:   0/45 (50)     AC:  7    Str: 23    XL:     6   Next: 21%
MP:   8/8           EV: 11    Int: 12    God:
Gold: 201           SH:  0    Dex: 25    Spells: 5/5 levels left

rFire   . . .      SeeInvis .      - Unarmed
rCold   . . .      Faith    .    (no shield)
rNeg    . . .      Spirit   .    g - +0 scale mail
rPois   .          Reflect  .    (no helmet)
rElec   .          Harm     .    (no cloak)
rCorr   .          Rampage  .    r - +0 pair of gloves
Will    .....                    (no boots)
Stlth   ++                       i - amulet of regeneration
HPRegen 1.07/turn                h - +6 ring of dexterity
MPRegen 0.11/turn                l - +6 ring of strength

@: heavily drained
A: high MP 1, forlorn, divine attributes
a: no special abilities


You were on level 4 of the Dungeon.
You visited 1 branch of the dungeon, and saw 5 of its levels.

You collected 201 gold pieces.

Inventory:

Hand Weapons
 c - the +7 hand axe of Wondrous Power {vamp, Contam rN+ Str+9 Dex+2}
   (You found it on level 3 of the Dungeon)

   Str:       It affects your strength (+9).
   Dex:       It affects your dexterity (+2).
   rN:        It protects you from negative energy.
   Contam:    It causes magical contamination when unequipped.
 d - a +2 short sword of electrocution
Missiles
 t - 5 atropa-tipped darts (quivered)
Armour
 a - a +0 leather armour
 g - a +0 scale mail (worn)
 r - a +0 pair of gloves (worn)
Jewellery
 h - a +6 ring of dexterity (left hand)
 i - an amulet of regeneration (around neck)
 l - a +6 ring of strength (right hand)
Wands
 f - a wand of digging (3)
Scrolls
 b - a scroll of fog
 o - 3 scrolls of teleportation {unknown}
 p - 2 scrolls of identify {unknown}
 u - a scroll of poison {unknown}
 v - a scroll of fear
Potions
 e - a potion of haste
 j - 2 potions of attraction {unknown}
 k - a potion of heal wounds {unknown}
 m - a potion of degeneration {unknown}
 n - a potion of resistance {unknown}
 q - a potion of mutation {unknown}
 s - 2 potions of curing {unknown}
 w - a potion of might {unknown}


   Skills:
 - Level 2.6 Fighting
 - Level 1.7 Dodging
 - Level 4.5 Stealth
 + Level 6.3 Unarmed Combat


You had 5 spell levels left.
You didn't know any spells.
Your spell library was empty.

Dungeon Overview and Level Annotations

Branches:
Dungeon (5/15)
 Temple: D:4-7


Innate Abilities, Weirdness & Mutations

You have an increased reservoir of magic. (+10% MP)
You shall have no god before yourself.
Your divine heritage dramatically boosts your attributes as you level up.


Message History

The wight hits you with a +2 mace!
You feel drained.
Press: ? - help, v - describe, . - travel, g - get item
Here: a wight, wielding a +2 mace and wearing a +0 robe (heavily damaged)
Items here: )) [[.
The floor.
Unknown command.
You hit the wight.
The wight is severely damaged.
You hit the wight but do no damage.
The wight is severely damaged.
The wight hits you with a +2 mace!
* * * LOW HITPOINT WARNING * * *
You feel drained.
* * * LOW HITPOINT WARNING * * *
You barely miss the wight.
The wight is severely damaged.
The wight hits you with a +2 mace.
* * * LOW HITPOINT WARNING * * *
You closely miss the wight.
The wight is severely damaged.
The wight hits you with a +2 mace.
* * * LOW HITPOINT WARNING * * *
You barely miss the wight.
The wight is severely damaged.
The wight misses you.
You hit the wight but do no damage.
The wight is severely damaged.
The wight hits you with a +2 mace.
* * * LOW HITPOINT WARNING * * *
You hit the wight.
The wight is severely damaged.
The wight closely misses you.
Unknown command.
Unknown command.
You hit the wight but do no damage.
The wight is severely damaged.
The wight hits you with a +2 mace.
* * * LOW HITPOINT WARNING * * *
You feel drained.
You die...

..# #. #.# #.. #.. ... #.#
#z# .. ..#.z. #.# #.#.# ....
####### #...##.## ......#
...#.#####.# ... ......#
.......@z..##.###.# ......#
....#.####......... ...<..# .
# #. ##.###.### ......# #.
#.#.# ......# ####. #...#
####### .....#####.# . .#####
#...##.# ##.#
.....############..)##>###...
.>##.#..........#...##...#.#


You could see a wight.

Vanquished Creatures
  A necrophage (D:4)
  2 wights (D:4)
  A hound (D:3)
  An orc priest (D:1)
  Terence (D:1)
  An iguana (D:4)
  4 adders
  A worm (D:2)
  A dart slug (D:3)
  6 orcs
  3 bats
  3 endoplasms
  3 giant cockroaches
  8 goblins
  2 hobgoblins
  3 quokkas
  11 ball pythons
  3 frilled lizards
  9 kobolds
  5 rats
69 creatures vanquished.

Vanquished Creatures (others)
  4 toadstools (D:1)
4 creatures vanquished.

Grand Total: 73 creatures vanquished

Notes
Turn   | Place    | Note
-------+----------+-------------------------------------------
     0 | D:5      | drugrobin the Demigod Delver began the quest for the Orb.
     0 | D:5      | Reached XP level 1. HP: 18/18 MP: 3/3
    14 | D:5      | Noticed a phantom
    19 | D:5      | Noticed an iguana
    31 | D:5      | Noticed an iguana
    55 | D:4      | Noticed a necrophage
    77 | D:4      | Noticed an iguana
   255 | D:3      | Reached skill level 2 in Unarmed Combat
   350 | D:3      | Identified the +7 hand axe of Wondrous Power {vamp, Contam
                  | rN+ Str+9 Dex+2}
   363 | D:3      | Reached XP level 2. HP: 25/25 MP: 4/4
   550 | D:3      | Reached skill level 3 in Unarmed Combat
   550 | D:3      | Reached XP level 3. HP: 30/30 MP: 5/5
  1123 | D:2      | Reached skill level 4 in Unarmed Combat
  1426 | D:1      | Reached XP level 4. HP: 37/37 MP: 6/6
  1818 | D:2      | Noticed Terence
  1841 | D:1      | Killed Terence
  1928 | D:2      | Reached skill level 5 in Unarmed Combat
  2093 | D:2      | Reached XP level 5. HP: 40/42 MP: 7/7
  2946 | D:4      | Reached skill level 6 in Unarmed Combat
  2946 | D:4      | Reached XP level 6. HP: 18/47 MP: 8/8
  2962 | D:4      | HP: 2/46 [wight/+2 mace (4)]
  2962 | D:4      | Slain by a wight

Illustrated notes

Levels and vault maps discovered:
D:1:      ldierk_walled_garden_2, layout_loops_ring,
          hellmonk_ecumenical_altar_leap_of_faith, amcnicky_mini_pool_small,
          grunt_decor_arrowhead
D:2:      layout_loops_ring, chequers_serial_rivers_micro_d,
          kennysheep_generic_room_12, uniq_terence
D:3:      layout_basic, mainiacjoe_overflow_catwalk_spiral
D:4:      layout_basic, minivault_5, nicolae_concentric_dashed_squares_wild
D:5:      layout_basic, amcnicky_altar_gilded, uniq_ijyb

Skill      XL: |  1  2  3  4  5 |
---------------+----------------+-----
Unarmed Combat | 2 3 4 5 6 |  6.3
Fighting       | |  2.6
Dodging        | |  1.7
Stealth        | |  4.5

Action                   |  1- 3 |  4- 6 || total
-------------------------+-------+-------++-------
Melee: Unarmed           |   146 |   156 ||   302
       Punch             |     8 |     6 ||    14
Throw: Dart              |       |     2 ||     2
  Use: Scroll            |     2 |       ||     2
       Potion            |     1 |       ||     1
 Stab: Sleeping          |     5 |     2 ||     7
       Distracted        |       |     1 ||     1
Armor: Scale mail        |    50 |    32 ||    82
       Leather armour    |     4 |       ||     4
Dodge: Dodged            |    69 |    79 ||   148

Table legend: (Time is in decaauts)
 A = Elapsed time spent in this place.
 B = Non-inter-level travel time spent in this place.
 C = Inter-level travel time spent in this place.
 D = Time resting spent in this place.
 E = Time spent auto-exploring this place.
 F = Levels seen in this place.
 G = Mean time per level.
                   A        B        C        D        E       F      G
               +--------+--------+--------+--------+--------+-----+--------+
         Total |   2926 |   2737 |    189 |     27 |   1765 |   5 |  585.2 |
       Dungeon |   2926 |   2737 |    189 |     27 |   1765 |   5 |  585.2 |
               +--------+--------+--------+--------+--------+-----+--------+

Top non-repeatable levels by time:
     D:3: 1074 daAuts
     D:2: 782 daAuts
     D:1: 630 daAuts
     D:4: 389 daAuts
     D:5: 49 daAuts
